Cogmind - Beta 9.6 @@@ ROGUE MODE // 2020.08.02 @ 09:41:29 Player: Alexbot Result: Destroyed self via exploding Plasma Injector Performance ------------- Evolutions (0) 0 Regions Visited (4) 800 Robots Destroyed (20) 100 Value Destroyed (559) 559 Prototype IDs (22) 440 Alien Tech Used (0) 0 Bonus (225) 225 TOTAL SCORE: 2124 Bonus ------- Aligned with FarCom 300 Friendly Fire -75 Cogmind --------- Core Integrity 0/250 Matter 270/300 Energy 86/100 System Corruption 0% Temperature Cool (36) Movement Treading (160) Location -9/Mines Parts ------- > --- POWER (1) -------- (None) > --- PROPULSION (2) --- Light Treads Light Treads > --- UTILITY (2) ------ Large Storage Unit Large Storage Unit > --- WEAPON (2) ------- Grenade Launcher > --- INVENTORY (16) --- Light Ion Engine Light Treads Improved Heat Sink Light Armor Plating Light Armor Plating Light Armor Plating Skeleton Box Supersonic Drone Bay (1/1) Beam Cannon Guided Plasma Cannon 8R-AWN's Boregun Peak State ------------ > --- POWER ------------ Ion Engine > --- PROPULSION ------- Light Treads Light Treads > --- UTILITY ---------- Large Storage Unit Large Storage Unit > --- WEAPON ----------- Guided Plasma Cannon Light Assault Rifle > --- INVENTORY -------- Light Ion Engine Light Treads Light Treads Improved Heat Sink Light Armor Plating Light Armor Plating Light Armor Plating Skeleton Box Supersonic Drone Bay Beam Cannon Grenade Launcher [Rating: 16] Favorites ----------- Power Ion Engine Engine Ion Engine Propulsion Light Treads Treads Light Treads Leg Aluminum Leg Utility Large Storage Unit Device Improved Heat Sink Storage Large Storage Unit Weapon Particle Gun Energy Gun Particle Gun Energy Cannon Guided Plasma Cannon Ballistic Gun Light Assault Rifle Launcher Grenade Launcher Build | -11 -10 -10 -10 -9 ------- Run | Scr Mat Min Exi Min Slots Evolved . | . . . . . Power . | . . . . . Propulsion . | . . . . . Utility . | . . . . . Weapon . | . . . . . Parts Attached 13 | . 2 8 2 1 Power 1 | . . 1 . . Engine 1 | . . 1 . . Core . | . . . . . Reactor . | . . . . . Propulsion 3 | . . 2 1 . Treads 3 | . . 2 1 . Leg . | . . . . . Wheel . | . . . . . Hover . | . . . . . Flight . | . . . . . Utility 4 | . 2 2 . . Device 1 | . . 1 . . Storage 3 | . 2 1 . . Processor . | . . . . . Hackware . | . . . . . Protection . | . . . . . Artifact . | . . . . . Weapon 5 | . . 3 1 1 Energy Gun 2 | . . 2 . . Energy Cannon 1 | . . . 1 . Ballistic Gun 1 | . . 1 . . Ballistic Cannon . | . . . . . Launcher 1 | . . . . 1 Special Weapon . | . . . . . Impact Weapon . | . . . . . Slashing Weapon . | . . . . . Piercing Weapon . | . . . . . Special Melee Weapon . | . . . . . Unidentified Prototypes . | . . . . . Parts Lost 9 | . . 5 4 . Power 2 | . . 1 1 . Propulsion 2 | . . 1 1 . Utility . | . . . . . Weapon 5 | . . 3 2 . Highest Loss Streak 4 | . . 2 4 . Average Slot Usage (%) 98 | . 96 99 96 . Engine 13 | . 14 14 12 . Treads 22 | . . 26 27 . Leg 5 | . 28 1 . . Storage 27 | . 24 27 28 . Energy Gun 17 | . 14 21 12 . Ballistic Gun 9 | . 14 6 13 . Naked Turns . | . . . . . Heaviest Build 48 | 10 38 43 48 35 Greatest Support 40 | 20 20 40 40 40 Greatest Overweight (x) 2 | . 1 2 2 . Average Overweight (x) 1 | . . 1 1 . Largest Inventory Capacity 16 | 6 16 16 16 16 Average Capacity 15 | 6 13 15 16 16 Most Carried 16 | 6 11 16 16 11 Average Carried 12 | 6 7 12 15 11 Final Capacity 16 | 6 16 16 16 16 Final Carried 16 | 6 11 16 11 11 Class Distribution -------------------- 100% | Mutant Dominant Class ---------------- Mutant | -10/Materials Mutant | -10/Mines Mutant | -10/Exiles Mutant | -9/Mines Resources | -11 -10 -10 -10 -9 ----------- Run | Scr Mat Min Exi Min Matter Collected 300 | 200 32 68 . . Remotely . | . . . . . Salvage Created 542 | . 228 290 . 24 Parts 35 | . 9 20 . 6 Haulers Intercepted . | . . . . . Recyclers Shooed 1 | . 1 . . . Parts Field Recycled . | . . . . . Retrieved Matter . | . . . . . Parts Self-Destructed . | . . . . . Prevented . | . . . . . Kills | -11 -10 -10 -10 -9 ------- Run | Scr Mat Min Exi Min Combat Hostiles Destroyed 19 | . 5 10 . 4 Guns 15 | . 5 10 . . AOE 4 | . . . . 4 Classes Destroyed 4 | . 1 3 . . Builder 1 | . . 1 . . Swarmer 10 | . . 6 . 4 Grunt 7 | . 5 2 . . Sentry 2 | . . 2 . . Best Kill Streak 6 | . 3 6 . 4 Combat Bots Only 5 | . 3 5 . 4 Max Kills in Single Turn 4 | . 1 1 . 4 Gunslinging . | . . . . . Exploded 4 | . . . . 4 Melee . | . . . . . Uniques/NPCs Destroyed . | . . . . . Combat | -11 -10 -10 -10 -9 -------- Run | Scr Mat Min Exi Min Damage Taken 1382 | . 261 442 543 136 Core 280 | . 35 84 80 81 Absorbed by Shields . | . . . . . Core Remaining (%) 100 | 100 . . . . Volleys Fired 39 | . 13 21 4 1 Largest 2 | . 2 2 2 1 Hottest 130 | . 60 130 120 30 Shots Fired 74 | . 26 42 5 1 Gun 70 | . 26 42 2 . Cannon 3 | . . . 3 . Launcher 1 | . . . . 1 Special . | . . . . . Kinetic 18 | . 13 4 1 . Thermal 30 | . . 26 4 . Explosive 1 | . . . . 1 Electromagnetic 25 | . 13 12 . . Robot Hit Streak 8 | . 6 7 8 . Robot Miss Streak 2 | . 2 2 . 1 Penetration Max . | . . . . . Secondary Targets 2 | . 2 . . . Max Gunslinging Chain 1 | . 1 . . . Shots Hit Robots 47 | . 18 27 2 . Core Hits 28 | . 8 16 . 4 Critical Hits . | . . . . . Critical Kills . | . . . . . Critical Parts Destroyed . | . . . . . Melee Attacks . | . . . . . Impact . | . . . . . Slashing . | . . . . . Piercing . | . . . . . Sneak Attacks . | . . . . . Combat Hostiles . | . . . . . Follow-up Attacks . | . . . . . Damage Inflicted 944 | . 253 534 7 150 Guns 670 | . 211 452 7 . Cannons . | . . . . . Explosions 274 | . 42 82 . 150 Melee . | . . . . . Ramming . | . . . . . Kinetic 83 | . 51 26 6 . Thermal 487 | . 42 366 1 78 Explosive 72 | . . . . 72 Electromagnetic 302 | . 160 142 . . Impact . | . . . . . Slashing . | . . . . . Piercing . | . . . . . Highest Corruption . | . . . . . Average Corruption . | . . . . . Corruption Purged . | . . . . . Overload Shots . | . . . . . Overflow Damage 27 | . . 27 . . Projectiles . | . . . . . Explosions 27 | . . 27 . . Melee . | . . . . . Knockbacks . | . . . . . Impact . | . . . . . Kinetic . | . . . . . Secondary . | . . . . . Self-Inflicted Damage 178 | . 32 50 . 96 Shots 5 | . 1 1 . 3 Rammed . | . . . . . Targets Rammed . | . . . . . Kicked . | . . . . . Crushed . | . . . . . Highest Temperature 484 | . 106 484 80 . Average Temperature 130 | . 46 183 40 . Received Heat Transfer 204 | . 123 81 . . Effects 2 | . . 2 . . Shutdowns 1 | . . 1 . . Energy Bleed 1 | . . 1 . . Siege Activations . | . . . . . Robots Corrupted . | . . . . . Combat Hostiles . | . . . . . Parts Fried . | . . . . . Impact Corruptions . | . . . . . Robots Melted . | . . . . . Combat Hostiles . | . . . . . Parts Melted 2 | . . 1 . 1 Heat Transferred 975 | . 50 816 9 100 Parts Sabotaged . | . . . . . Parts Stolen . | . . . . . Parts Stripped . | . . . . . Power Chain Reactions 3 | . 1 2 . . Missiles Intercepted . | . . . . . Alert | -11 -10 -10 -10 -9 ------- Run | Scr Mat Min Exi Min Peak Influence 165 | . 165 154 . 15 Average Influence 70 | . 126 55 . 11 Maximum Alert Level . | . . . . . Low Security (%) 100 | 100 100 100 . 100 Level 1 . | . . . . . Level 2 . | . . . . . Level 3 . | . . . . . Level 4 . | . . . . . Level 5 . | . . . . . High Security . | . . . . . Max Security . | . . . . . Squads Dispatched 3 | . 2 1 . . Investigation 1 | . 1 . . . Extermination . | . . . . . Reinforcement 1 | . 1 . . . Assault 1 | . . 1 . . Garrison . | . . . . . Intercept . | . . . . . Construction Impeded . | . . . . . Haulers Reinforced . | . . . . . Stealth | -11 -10 -10 -10 -9 --------- Run | Scr Mat Min Exi Min Distress Signals . | . . . . . Communications Jammed . | . . . . . Distress Signals . | . . . . . Times Spotted 22 | . 8 9 1 4 Peak Tracking Total 4 | . 4 4 2 4 Tactical Retreats . | . . . . . Traps | -11 -10 -10 -10 -9 ------- Run | Scr Mat Min Exi Min Traps Triggered 1 | . 1 . . . Indirectly . | . . . . . Trap Hack Attempts . | . . . . . Triggered . | . . . . . Disarmed . | . . . . . Reprogrammed . | . . . . . Reused 4 | . . . 4 . Traps Extracted . | . . . . . Installed 4 | . . . 4 . Triggered . | . . . . . Exploded 1 | . . . 1 . Machines | -11 -10 -10 -10 -9 ---------- Run | Scr Mat Min Exi Min Machines Disabled 12 | . . 1 1 10 Max in Single Turn 10 | . . . 1 10 Machines Sabotaged . | . . . . . Garrisons Compromised . | . . . . . Overloaded Fab Kills . | . . . . . Fab Network Shutdowns . | . . . . . Hacking | -11 -10 -10 -10 -9 --------- Run | Scr Mat Min Exi Min Machines Accessed 2 | . 1 . 1 . Terminals 1 | . 1 . . . Fabricators . | . . . . . Repair Stations . | . . . . . Recycling Units . | . . . . . Scanalyzers . | . . . . . Garrison Access . | . . . . . Total Hacks 3 | . 2 . 1 . Successful 1 | . . . 1 . Failed 2 | . 2 . . . Catastrophic 2 | . 2 . . . Database Lockouts . | . . . . . Manual 3 | . 2 . 1 . Terminals 2 | . 2 . . . Fabricators . | . . . . . Repair Stations . | . . . . . Recycling Units . | . . . . . Scanalyzers . | . . . . . Garrison Access . | . . . . . Terminal Hacks 1 | . . . 1 . EX-Prototype ID Bank 1 | . . . 1 . Fabricator Hacks . | . . . . . Repair Station Hacks . | . . . . . Recycling Unit Hacks . | . . . . . Scanalyzer . | . . . . . Garrison Access Hacks . | . . . . . Unauthorized Hacks . | . . . . . Terminals . | . . . . . Fabricators . | . . . . . Repair Stations . | . . . . . Recycling Units . | . . . . . Scanalyzers . | . . . . . Garrison Access . | . . . . . Data Cores Recovered . | . . . . . Used . | . . . . . Hacking Detections 1 | . 1 . . . Full Trace Events 1 | . 1 . . . Feedback Events . | . . . . . Feedback Blocked . | . . . . . Robot Schematics Acquired . | . . . . . Robots Built . | . . . . . Matter . | . . . . . Time . | . . . . . Total Robot Build Rating . | . . . . . Part Schematics Acquired . | . . . . . Parts Built . | . . . . . Matter . | . . . . . Time . | . . . . . Total Part Build Rating . | . . . . . Parts Repaired . | . . . . . Time . | . . . . . Parts Recycled . | . . . . . Recycled Matter . | . . . . . Retrieved Matter . | . . . . . Retrieved Components . | . . . . . Parts Scanalyzed . | . . . . . Part Schematics Acquired . | . . . . . Parts Damaged . | . . . . . Bothacking | -11 -10 -10 -10 -9 ------------ Run | Scr Mat Min Exi Min Used RIF Installer . | . . . . . Robots Hacked . | . . . . . Non-combat . | . . . . . Combat . | . . . . . Robot Hacks Applied . | . . . . . Relay Couplers Released . | . . . . . Robots Rewired . | . . . . . Allies Hacked . | . . . . . Hacks Repelled . | . . . . . Allies | -11 -10 -10 -10 -9 -------- Run | Scr Mat Min Exi Min Total Allies 3 | . . 3 . . Largest Group 3 | . . 3 3 . Highest-Rated Group 68 | . . 68 68 . Highest-Rated Ally 31 | . . 31 31 . Total Orders . | . . . . . Ally Attacks 9 | . . 6 3 . Total Damage 89 | . . 85 4 . Kills . | . . . . . Allies Corrupted . | . . . . . Allies Melted . | . . . . . Intel | -11 -10 -10 -10 -9 ------- Run | Scr Mat Min Exi Min Robot Analysis Total . | . . . . . Derelict Logs Recovered 1 | . . 1 . . Drone Launches . | . . . . . Drone Recoveries . | . . . . . Exploration | -11 -10 -10 -10 -9 ------------- Run | Scr Mat Min Exi Min Turns Passed 2274 | 3 374 1306 587 4 Spaces Moved 1175 | 3 228 634 309 1 Core . | . . . . . Treads 930 | . . 620 309 1 Legs 245 | 3 228 14 . . Wheels . | . . . . . Hover . | . . . . . Flight . | . . . . . Fastest Speed 120 | 120 120 150 160 160 Average Speed 177 | 120 143 189 180 160 Slowest Speed 200 | 120 150 200 200 160 Overloaded Moves . | . . . . . Propulsion Burnouts . | . . . . . Robots Hopped . | . . . . . Cave-ins Triggered . | . . . . . Exploration Rate (%) 42 | 2 43 96 61 9 Regions Visited 4 Branch Regions 3 Pre-discovered Areas 1 | . . 1 . . Known Exits Taken . | . . . . . Unknown Exits Taken 4 | 1 1 1 1 . Scrap Searched 1 | . . 1 . . Spaces Dug 2 | . . . 2 . Terrain Destroyed 15 | . 2 11 2 . Melee . | . . . . . Projectile 2 | . . . 2 . AOE 13 | . 2 11 . . Actions | -11 -10 -10 -10 -9 --------- Run | Scr Mat Min Exi Min Total 1297 | 2 252 701 339 3 Wait 34 | . 2 22 10 . Move 1171 | 2 227 633 308 1 Hop . | . . . . . Pick Up 23 | . 6 13 4 . Fast Attach 1 | . 1 . . . Attach 8 | . . 6 2 . Detach 1 | . . 1 . . Swap 4 | . 1 2 . 1 Drop 12 | . 2 3 7 . Fire 39 | . 13 21 4 1 Melee . | . . . . . Ram . | . . . . . Kick . | . . . . . Crush . | . . . . . Escape Stasis . | . . . . . Rewire . | . . . . . Trap 4 | . . . 4 . Miscellaneous . | . . . . . Route ------- -11/Scrapyard -10/Materials (discovered 2 exits: [*Mat] / *Min) -10/Mines (discovered 3 exits: [*Mat x2] / *Exi) -10/Exiles -9/Mines History --------- Turn | Location | Event 1 | -11/Scrapyard | Discovered new exit (range 3) 4 | -11/Scrapyard | Entered Materials 72 | -10/Materials | Discovered new exit (range 16) 315 | -10/Materials | Build established: Mutant 333 | -10/Materials | Discovered new exit (range 8) 378 | -10/Materials | Entered Mines 416 | -10/Mines | Met a Derelict bent on vengeance 705 | -10/Mines | Discovered new exit (range 10) 969 | -10/Mines | Discovered new exit (range 15) 1267 | -10/Mines | Found a hidden stash of uninstalled traps 1588 | -10/Mines | Met a Derelict testing a Signal Generator 1675 | -10/Mines | Deemed a non-threat by the Exiles lab entrance 1677 | -10/Mines | Discovered new exit (range 5) 1684 | -10/Mines | Entered Exiles 1684 | -10/Exiles | Accompanied by 3 allies 1714 | -10/Exiles | Led the pair of lost Derelicts to a safe place 1729 | -10/Exiles | Met 8R-AWN 1758 | -10/Exiles | Met EX-HEX 1814 | -10/Exiles | Met EX-BIN 1908 | -10/Exiles | Aligned with FarCom system 1909 | -10/Exiles | Given EX-Vault access code 1954 | -10/Exiles | Opened EX-Vault 1968 | -10/Exiles | Found Supersonic Drone Bay 1971 | -10/Exiles | Found Gui. Plasma Cannon 1976 | -10/Exiles | Found Skeleton Box 2013 | -10/Exiles | Warned to stay clear of 0b10 Research branches 2032 | -10/Exiles | Exiles lab attacked by MAIN.C 2151 | -10/Exiles | Discovered new exit (range 11) 2190 | -10/Exiles | Attacked by the Exiles 2208 | -10/Exiles | Core integrity fell below 50% 2235 | -10/Exiles | Found Prototype Ballistic Gun 2271 | -10/Exiles | Stole three prototypes: Gui. Plasma Cannon, Skeleton Box, Supersonic Drone Bay 2271 | -10/Exiles | Entered Mines 2272 | -9/Mines | Lost 4 parts (1p1n2w) 2273 | -9/Mines | Core integrity fell below 20% 2275 | -9/Mines | Destroyed self via exploding Plasma Injector Last Messages --------------- 02249_ 8R-AWN triggered Blade Trap. 02249_ Massive razor-sharp blades shoot up from within the floor. 02250_ HV Slug penetrates Machine. 02250_ HV Slug penetrates Wall. 02251_ Penetrated by HV Slug. 02251_ HV Slug penetrates Wall. 02256_ The unstable cave ceiling collapses. 02258_ Penetrated by HV Slug. 02258_ HV Slug penetrates Wall. 02265_ Penetrated by HV Slug. 02265_ HV Slug penetrates Wall. LOCATION=UNKNOWN GOAL=ESCAPE 02275_ Plasma Injector explodes. 02275_ S-10 Pest destroyed. 02275_ Plasma Injector explodes. 02275_ S-10 Pest destroyed. 02275_ Flight Unit melted. 02275_ S-10 Pest destroyed. 02275_ Plasma Injector explodes. Map ----- +----------------------------------------------------+ | | | | | | | | | | | | | | | | | ??????????????????????????????????????? | | ??????????????????????????????????????? | | ??????????????????????????????????????? | | ??????????????????????????????????????? | | ??????????????????????????????????????? | | ?????##????#######????????????????????? | | ?????# ???? ????????????????????? | | ?????# """ #????????????????? | | ?????# """ #????????????????? | | ?????# """ #????????????????? | | ?????# #????????????????? | | ?????# #????????????????? | | ?????# #????????????????? | | ?????# #????????????????? | | ?????# #????????????????? | | ?????# #????????????????? | | ?????# [ #????????????????? | | ?????# @ #????????????????? | | ?????# *%% #????????????????? | | ?????# #????????????????? | | ?????# #????????????????? | | ?????# #????????????????? | | ???????? #????????????????? | | ???????########## ####????????????????? | | ????????????????? #???????????????????? | | ????????????????? #???????????????????? | | ????????????????? #???????????????????? | | ??????????????????#???????????????????? | | ??????????????????????????????????????? | | ??????????????????????????????????????? | | ??????????????????????????????????????? | | ??????????????????????????????????????? | | ??????????????????????????????????????? | | ??????????????????????????????????????? | | ??????????????????????????????????????? | | ??????????????????????????????????????? | | ??????????????????????????????????????? | | ??????????????????????????????????????? | | ??????????????????????????????????????? | | ??????????????????????????????????????? | | ??????????????????????????????????????? | | ??????????????????????????????????????? | +----------------------------------------------------+ Best States ------------- Heat Dissipation 39 Energy Generation 10 Energy Capacity 250 Matter Stores 300 Matter Capacity 300 Sight Range 16 Terrain Scan Density 10 Evasion (%) 40 Recoil Reduction 2 Item Schematics ----------------- None Robot Schematics ------------------ None Fabricated ------------ Nothing Alien Tech Used ----------------- None Achievements -------------- None Challenges ------------ None Game ------ Seed DeuteriumLongswordDriver Manual? 0 Play Time 00:10:54 Cumulative 842.6 hours Start 2020.08.02 @ 09:30:39 End 2020.08.02 @ 09:41:29 Sessions 1 Manual Loads 0 Difficulty Rogue Special Mode None Game No. 264 Rogue 264 Adventurer 0 Explorer 0 Win Type - Total 51 Types 39/1/3/3/3/1/1 Lore% 97 Gallery% 99 Achievement% 97 Wizard Run 0 Options --------- ASCII 0 Keyboard 1 Movement Numpad Keybinds 0 Fullscreen 1 Font 18/SmallcapsGlow Map View 76x50 Tactical HUD 1 Map Filters NONE Filters NONE Steam 1 RUN: 9e310b31-ffbe-4318-8582-dfba49f290ba